 Dungeon Crawl Stone Soup version 0.26-a0-778-g3fe0686644 (webtiles) character file.

Game seed: 13579581806100869292

29 sideus8 the Firebug (level 3, -16/19 HPs)
             Began as a Deep Elf Fire Elementalist on Nov 10, 2020.
             Killed from afar by a kobold (27 damage)
             ... with an exploding inner flame
             ... hexed by the player character
             ... on level 1 of the Dungeon.
             The game lasted 00:02:45 (767 turns).

sideus8 the Firebug (Deep Elf Fire Elementalist)     Turns: 767, Time: 00:02:45

Health: -16/19     AC:  3    Str:  5    XL:     3   Next: 1%
Magic:  8/10       EV: 13    Int: 20    God:
Gold:   9          SH:  0    Dex: 15    Spells: 8/9 levels left

rFire    . . .     SeeInvis .   (no weapon)
rCold    . . .     Faith    .   (no shield)
rNeg     . . .     Spirit   .   a - +0 robe
rPois    .         Reflect  .   (no helmet)
rElec    .         Harm     .   (no cloak)
rCorr    .         Rampage  .   (no gloves)
MR       .....                  e - +0 pair of boots (curse)
Stlth    ++........             (no amulet)
HPRegen  0.06/turn              (no ring)
MPRegen  0.12/turn              (no ring)

@: no status effects
A: no striking features
a: no special abilities


You were on level 1 of the Dungeon.
You visited 1 branch of the dungeon, and saw 1 of its levels.

You collected 9 gold pieces.

Inventory:

Armour
 a - a +0 robe (worn)
 e - a cursed +0 pair of boots (worn)
Scrolls
 d - a scroll of enchant armour
 g - 3 scrolls of immolation
Potions
 b - a potion of curing
 h - a potion of mutation {unknown}


   Skills:
 + Level 2.5 Dodging
 + Level 2.5 Stealth
 + Level 3.5 Spellcasting
 + Level 1.2 Conjurations
 + Level 4.1 Fire Magic


You had 8 spell levels left.
You knew the following spells:

 Your Spells              Type           Power        Failure   Level
a - Foxfire               Conj/Fire      ##..         4%          1

Your spell library contained the following spells:

 Spells                   Type           Power        Failure   Level
 Conjure Flame            Conj/Fire      ##......     13%         3
 Inner Flame              Hex/Fire       ##......     17%         3
 Sticky Flame             Conj/Fire      ##......     41%         4
 Fireball                 Conj/Fire      ##........   77%         5


Dungeon Overview and Level Annotations

Branches:
Dungeon (1/15)

Altars:


Message History

The kobold closely misses you. The kobold hits you but does no damage.
The kobold hits you but does no damage. The kobold hits you but does no damage.
The kobold closely misses you. The kobold hits you. The kobold hits you.
The kobold hits you.
You hit the kobold but do no damage.
The kobold is moderately wounded.
The kobold closely misses you.
You hit the kobold.
Flame seeps out of the kobold.
The kobold is severely wounded.
The kobold is engulfed in blazing flames.
The kobold explodes!
The fiery explosion engulfs the rat!!
The rat explodes!
The fiery explosion engulfs you!!
Ouch! That really hurt!
You die...

************ #.# *,* *#...
,,,,,,,,,,,** #.# *,* #..##
********#,,,* #.#######,***#..#*
,,,,,,,,....####........,,,......
,,,,,,,,....§v§..#######***##....
*****,**.##.####§# #....
,,,,,,,,,**,* #§# #....
*****,*****,* #○# ##### *,* *,*
#@# *,* *,* ### *,* *,* *****,**
*,* ,,,,,,,* *** ,,,,,,** *******


There were no monsters in sight!

Vanquished Creatures
  An ooze (D:1)
  A leopard gecko (D:1)
  A ball python (D:1)
  A giant cockroach (D:1)
  3 goblins (D:1)
  2 hobgoblins (D:1)
  4 jackals (D:1)
  3 bats (D:1)
  A frilled lizard (D:1)
  2 kobolds (D:1)
  3 rats (D:1)
22 creatures vanquished.

Vanquished Creatures (others)
  49 foxfires (D:1)
49 creatures vanquished.

Grand Total: 71 creatures vanquished

Notes
Turn   | Place    | Note
-------+----------+-------------------------------------------
     0 | D:1      | sideus8 the Deep Elf Fire Elementalist began the quest for
                  | the Orb.
     0 | D:1      | Reached XP level 1. HP: 10/10 MP: 6/6
   228 | D:1      | Reached XP level 2. HP: 15/15 MP: 5/8
   606 | D:1      | Reached skill level 4 in Fire Magic
   728 | D:1      | Reached XP level 3. HP: 19/19 MP: 8/10
   767 | D:1      | Killed from afar by a kobold

Illustrated notes

Levels and vault maps discovered:
D:1:      dpeg_arrival_round_c, layout_basic

Skill      XL: |  1  2 |
---------------+-------+-----
Fire Magic     | 4 |  4.1
Dodging        | |  2.5
Stealth        | |  2.5
Spellcasting   | |  3.5
Conjurations   | |  1.2

Action                   || total
-------------------------++-------
Melee: Unarmed           ||     5
 Cast: Foxfire           ||    35
  Use: Scroll            ||     3
       Potion            ||     1
Armor: Robe              ||     8
Dodge: Dodged            ||    14

Table legend: (Time is in decaauts)
 A = Elapsed time spent in this place.
 B = Non-inter-level travel time spent in this place.
 C = Inter-level travel time spent in this place.
 D = Time resting spent in this place.
 E = Time spent auto-exploring this place.
 F = Levels seen in this place.
 G = Mean time per level.
                   A        B        C        D        E       F      G
               +--------+--------+--------+--------+--------+-----+--------+
         Total |    767 |    767 |      0 |     68 |    505 |   1 |  767.0 |
       Dungeon |    767 |    767 |      0 |     68 |    505 |   1 |  767.0 |
               +--------+--------+--------+--------+--------+-----+--------+

Top non-repeatable levels by time:
     D:1: 767 daAuts
